[Event "*** Titled Tuesday Blitz"]
[Site "Chess.com"]
[Date "2020.04.28"]
[Round "5"]
[White "doons21"]
[Black "HansCoolNiemann"]
[Result "1-0"]
[WhiteElo "2636"]
[BlackElo "2924"]
[TimeControl "180+1"]
[EndTime "10:57:05 PDT"]
[Termination "doons21 won on time"]

1. e4 g6 2. d3 Bg7 3. Nf3 e5 4. g3 Ne7 5. Bg2 Nbc6 6. O-O O-O 7. Nc3 d6 8. Nh4 f5 9. f4 Nd4 10. Be3 c6 11. Qd2 Be6 12. Kh1 Qd7 13. Rf2 Rae8 14. Raf1 exf4 15. gxf4 d5 16. e5 Nxc2 17. Bxa7 d4 18.
Qxc2 Ra8 19. Bc5 dxc3 20. Qxc3 Rxa2 21. Bxe7 Qxe7 22. Nf3 Rd8 23. Ng5 Bd5 24. Bxd5+ Rxd5 25. Qb3 Ra5 26. d4 h6 27. Nf3 Kh7 28. Rg2 Rab5 29. Qd3 Qb4 30. Rxg6 Kxg6 31. Rg1+ Kh7 32. Qxf5+ Kh8 33. Nh4 Rd6 34. Qc8+ Kh7 35. exd6 Qxd4 36. Qg4 Qe4+ 37. Rg2 Qe1+ 38. Rg1 Qe4+ 39. Rg2 Qd4 40. Nf5 Qf6 41. Nxg7 Rd5 42. d7 Qe7 43. Nf5 Qe1+ 44. Rg1 Qe4+ 45. Qg2 Qxg2+ 46. Kxg2 Rxd7 47. Ng3 Rd2+ 48. Kf3 Rxb2 49. h4 c5 50. Rd1 c4 51. Rd7+ Kg8 52. Ne4 b5 53. Nf6+ Kf8 54. Nh7+ Ke8 55. Nf6+ Kf8 56. Rc7 Rb3+ 57. Ke4 c3 58. Kf5 Rb2 59.
Rxc3 b4 60. Rc8+ Ke7 61. Rb8 b3 62. Ne4 Rb1 63. Ke5 b2 64. f5 Kd7 65. Rb7+ Kc6 66.
Rb3 Kd7 67. f6 Kd8 68. Rb8+ Kc7 69. f7 Rf1 70. Rxb2 Rxf7 71. Rb7+ 1-0

[Event "*** Titled Tuesday Blitz"]
[Site "Chess.com"]
[Date "2020.04.28"]
[Round "5"]
[White "Savagelittlemole"]
[Black "StockholmMissile"]
[Result "1/2-1/2"]
[WhiteElo "2611"]
[BlackElo "2476"]
[TimeControl "180+1"]
[EndTime "10:57:05 PDT"]
[Termination "Game drawn by repetition"]

1. e4 e5 2. Nf3 Nc6 3. Bb5 a6 4.
Ba4 Nf6 5. O-O Be7 6. Re1 b5 7. Bb3 d6 8. c3 O-O 9. h3 Nb8 10. d4 Nbd7 11. c4 c6 12. Qc2 Bb7 13.
Nc3 h6 14. a3 Re8 15. Be3 Bf8 16. dxe5 dxe5 17. Rad1 Qc7 18. Rc1 Rac8 19. Red1 Qb8 20.
Ne2 Nc5 21. Ng3 Nxb3 22. Qxb3 Rcd8 23. c5 Bc8 24. Rxd8 Rxd8 25. Rd1 Rxd1+ 26. Qxd1 Be6 27. b4 Nd7 28. Nh4 g6 29. Nf3 Kh7 30. Nh2 a5 31. Qd2 axb4 32. axb4 Qa7 33. Ng4 h5 34. Nh2 Qa2 35.
Nf3 Qxd2 36. Bxd2 f6 37. Ne2 Kg7 38. Nh2 Kf7 39. g3 Be7 40. g4 hxg4 41. hxg4 Nf8 42. Kg2 Bc4 43. Kf3 Ne6 44. Nf1 Bd8 45. Be3 Bc7 46. Nfg3 Nf4 47. Bxf4 exf4 48. Nxf4 Bb3 49. Nd3 Bd1+ 50. Ne2 Ke6 51. Ke3 Kf7 52. f3 Bb3 53. Nef4 Bc4 54. Ne2 Be6 55. Nef4 Bd7 56. Ne2 g5 57.
Nec1 Be6 58. Ne2 Bd7 59. Nd4 Be8 60. Nf5 Bd7 61. Kd4 Ke6 62. Ng7+ Kf7 63. Nf5 Ke6 64.
Kc3 Kf7 65. Nd4 Ke7 66. Nf5+ Kf7 67. Nd4 Ke7 68. Nf5+ Kf7 1/2-1/2

[Event "*** Titled Tuesday Blitz"]
[Site "Chess.com"]
[Date "2020.04.28"]
[Round "5"]
[White "tufferguy"]
[Black "IMinTheWings"]
[Result "1-0"]
[WhiteElo "2382"]
[BlackElo "2212"]
[TimeControl "180+1"]
[EndTime "10:57:07 PDT"]
[Termination "tufferguy won by checkmate"]

1. e4 g6 2. d4 Bg7 3. Nc3 c6 4. Nf3 d5 5. e5 Nh6 6. Bd3 O-O 7.
h3 f6 8. exf6 exf6 9. O-O Qd6 10. Be3 Nf5 11. Qd2 Nxe3 12. Qxe3 Nd7 13. Rae1 Nb6 14.
Qe7 Qxe7 15. Rxe7 Bd7 16. a4 Rfe8 17. Rfe1 Bf8 18. Rxe8 Rxe8 19. Rxe8 Bxe8 20. a5 Nc8 21. Na4 Bb4 22. Nc5 Nd6 23. a6 b6 24. Ne6 Bd7 25. Nf4 Ne8 26. c4 Bd6 27. Ne2 dxc4 28. Bxc4+ Kf8 29.
Nc3 Nc7 30. Ne4 Be7 31. h4 Bc8 32. h5 g5 33. Bd3 Bxa6 34. Bc2 Nd5 35. Ng3 Kg8 36.
Nf5 Bf8 37. Nd2 Bc8 38. g4 Bb4 39. Ne4 Kf8 40. Neg3 Nf4 41. Bb3 Be6 42. Bc2 Kf7 43. Ne3 h6 44. Kf1 Bd2 45. Nef5 Bc1 46. Nxh6+ Kg7 47.
Nhf5+ Bxf5 48. Nxf5+ Kf7 49. Bb3+ Kf8 50. h6 Bxb2 51.
h7 Ng6 52. Ke2 a5 53. Kd2 b5 54. Kc2 Ba3 55. Be6 a4 56. Bd7 c5 57. dxc5 Bxc5 58.
Bxb5 Bxf2 59. Bxa4 Bc5 60. Bb3 Bb6 61. Kd3 Bd8 62.
Ke4 Bc7 63. Be6 Be5 64. Kd5 Bd4 65. Kxd4 Ke8 66. Ke4 Kf8 67. Bd5 Ke8 68. Bc4 Kf8 69.
Ba2 Ke8 70. Bb1 Kf8 71. Bd3 Ke8 72. Bf1 Kf8 73. Kd5 Ke8 74. Ke6 Kf8 75. Kxf6 Nf4 76. h8=Q# 1-0

[Event "*** Titled Tuesday Blitz"]
[Site "Chess.com"]
[Date "2020.04.28"]
[Round "5"]
[White "RovenVogel"]
[Black "pheonixking2000"]
[Result "0-1"]
[WhiteElo "2720"]
[BlackElo "2820"]
[TimeControl "180+1"]
[EndTime "10:57:08 PDT"]
[Termination "pheonixking2000 won on time"]

1. d4 Nf6 2. c4 e6 3. Nf3 d5 4. Nc3 c6 5. cxd5 exd5 6. Bg5 h6 7. Bh4 Bf5 8. e3 Nbd7 9. Bd3 Bxd3 10. Qxd3 Bd6 11.
O-O O-O 12. Rab1 Qe7 13. Rfc1 Rfe8 14. a3 Rac8 15. Nd2 Qe6 16. b4 b5 17. Nb3 Nb6 18.
a4 a6 19. axb5 axb5 20. Ne2 g5 21. Nc5 Bxc5 22. dxc5 Nc4 23. Bg3 Ne4 24. Nd4 Qg6 25. Ra1 h5 26. Ra7 Qf6 27. Rf1 Ncd2 28. Rd1 h4 29.
Rxd2 hxg3 30. hxg3 Nxd2 31. Qxd2 Ra8 32. Qa2 Rxa7 33. Qxa7 Qg6 34. g4 Qe4 35. Qd7 Ra8 36. Nxc6 Qh7 37. Na7 Qb1+ 38. Kh2 Qxb4 39. c6 Qc5 40. c7 Kg7 41. c8=Q Rxa7 42. Qf5 Qe7 43. Qxd5 Ra1 44. Qf3 Qe5+ 45. g3 Qd6 46. Kg2 Rc1 47. Qcf5 Rc7 48. Qxg5+ Kf8 49. Qgf4 Qd8 50. Qxc7 Qxc7 51.
Qa8+ Kg7 52. Qe4 Qb6 53. Kf3 b4 54. Qe5+ Kg8 55. Qb2 b3 56. Ke4 Qb5 57. Kd4 Qb4+ 58. Kd3 Kh7 59. Qc3 Qa3 0-1

[Event "*** Titled Tuesday Blitz"]
[Site "Chess.com"]
[Date "2020.04.28"]
[Round "5"]
[White "Msb2"]
[Black "Durarbayli"]
[Result "1/2-1/2"]
[WhiteElo "3012"]
[BlackElo "2793"]
[TimeControl "180+1"]
[EndTime "10:57:09 PDT"]
[Termination "Game drawn by repetition"]

1. d4 Nf6 2. c4 e6 3. Nc3 Bb4 4. e3 O-O 5. Bd2 c5 6. a3 Bxc3 7. Bxc3 cxd4 8. Qxd4 d5 9. Bd3 Nc6 10. Qh4 Ne4 11. Qxd8 Rxd8 12. Bxe4 dxe4 13. Ne2 e5 14. Ng3 Be6 15. Nxe4 Bxc4 16. f3 b6 17. Kf2 f6 18.
Rac1 Bb3 19. Nd2 Be6 20. Rhd1 Ne7 21. e4 Nc6 22. Nf1 Bb3 23. Rxd8+ Rxd8 24. Nd2 Be6 25. Ke3 Kf7 26. b4 b5 27. Bb2 Rc8 28. Rc5 a6 29. g3 Ne7 30. Rxc8 Nxc8 31. f4 exf4+ 32. gxf4 g6 33. Kd4 Nb6 34. Bc3 Ke7 35. Kd3 Nc4 36.
Nb3 Nxa3 37. Nc5 Bc4+ 38. Ke3 Nc2+ 39. Kd2 Na3 40. Nxa6 Nb1+ 41. Kc2 Nxc3 42. Kxc3 Kd6 43. Kd4 Bf1 44. Nc5 h6 45. Nb7+ Kc6 46. Nc5 Kd6 47. h4 g5 48. fxg5 fxg5 49. e5+ Ke7 50. hxg5 hxg5 51. Ne4 g4 52. Ng3 Bc4 53. Ke4 Ke6 54.
Kd4 Bb3 55. Ke4 Bc4 56. Nh5 Bd5+ 57. Kd4 Bf3 58. Ng3 Bd5 59. Nh5 Bf3 60. Ng7+ Kf7 61.
Nf5 Ke6 62. Ng3 Bd5 63. Ne2 Bc4 64. Ng3 Bd5 1/2-1/2

[Event "*** Titled Tuesday Blitz"]
[Site "Chess.com"]
[Date "2020.04.28"]
[Round "5"]
[White "djamir"]
[Black "turayev_shahruh17"]
[Result "1-0"]
[WhiteElo "2724"]
[BlackElo "2514"]
[TimeControl "180+1"]
[EndTime "10:57:11 PDT"]
[Termination "djamir won by resignation"]

1. d4 d5 2. Bf4 Nf6 3. e3 c5 4. c3 Nc6 5. Nd2 cxd4 6. exd4 Bg4 7. Qb3 Qb6 8. Ngf3 Bxf3 9. Nxf3 Qxb3 10. axb3 e6 11. b4 Nh5 12. Be3 Bd6 13. g3 O-O 14.
b5 Ne7 15. Bd3 Nf6 16. O-O Bc7 17. h3 Bb6 18. Ne5 Rfd8 19. Kg2 Ng6 20. Nf3 Ne8 21.
Bg5 f6 22. Bd2 Nd6 23. Rfe1 Kf7 24. h4 Rac8 25. h5 Nf8 26. Re2 Nc4 27. Bf4 g5 28. hxg6+ hxg6 29. Rh1 g5 30. Bc1 Kg7 31. Nh2 Ng6 32.
Rxe6 Re8 33. Rxe8 Rxe8 34. Ng4 Bd8 35. b3 Nd6 36. Ne3 Ne7 37. Ba3 Ndc8 38. Rh7+ Kg8 39. Rh1 Kg7 40. c4 dxc4 41. bxc4 Bb6 42. c5 Ba5 43. d5 Bd2 44. d6 Bxe3 45. fxe3 Nd5 46. e4 Nc3 47. d7 Rd8 48. dxc8=Q Rxc8 49. Bb4 Na4 50. Rc1 Nb2 51. Be2 Rd8 52. Rc2 Na4 53. Kf3 Rd4 54. Bd2 b6 55. c6 Nc5 56. Be3 Rd8 57. Bxc5 bxc5 58. Rxc5 Rc8 59. Bc4 Kg6 60. c7 Kg7 61. Be6 Kf8 62. Bxc8 Ke7 63. Bf5 1-0

[Event "*** Titled Tuesday Blitz"]
[Site "Chess.com"]
[Date "2020.04.28"]
[Round "5"]
[White "AlphalphaZero"]
[Black "AtabayevSaparmyrat"]
[Result "0-1"]
[WhiteElo "2485"]
[BlackElo "2673"]
[TimeControl "180+1"]
[EndTime "10:57:11 PDT"]
[Termination "AtabayevSaparmyrat won by resignation"]

1. e4 e5 2. Nf3 Nc6 3. d4 exd4 4. Nxd4 Nf6 5. Nxc6 bxc6 6. e5 Nd5 7. c4 Nb6 8. Bd3 Bb4+ 9. Nc3 d6 10. exd6 cxd6 11. O-O Bxc3 12. bxc3 Be6 13. Qf3 Qd7 14. Qg3 O-O 15. Bh6 f6 16. Bf4 Bxc4 17. Bxd6 Bxd3 18.
Qxd3 Rfd8 19. Rad1 Qf7 20. Qa6 Qc4 21. Qa3 Nd5 22.
Bg3 Qxc3 23. Qa6 Nb4 24. Rxd8+ Rxd8 25. Qxa7 Qc4 26. a3 Nd5 27. h3 Nc3 28. Re1 Ne2+ 29. Kh2 Nxg3 30. fxg3 Qf7 31. Re7 Qg6 32. Qc7 Rf8 33.
Qxc6 h5 34. Qe6+ Kh7 35. h4 Rh8 36. a4 Ra8 37. Qe4 Rb8 38. Qxg6+ Kxg6 39. Ra7 Rb3 40. a5 Ra3 41. a6 Kf5 42. Kh3 g5 43. hxg5 fxg5 44.
Kh2 Ra1 45. Ra8 Kg4 46. a7 Ra2 47. Kg1 Kxg3 48. Kf1 Ra1+ 49. Ke2 Ra2+ 50. Kd3 Kxg2 51. Ke4 g4 52. Rh8 Rxa7 53. Rxh5 g3 54. Rg5 Rf7 55.
Ke3 Kh2 56. Rh5+ Kg1 57. Rg5 g2 58. Ra5 Kh2 59. Rh5+ Kg1 60. Rg5 Rf1 61. Rh5 Rf8 62.
Rg5 Kf1 63. Ra5 0-1

[Event "*** Titled Tuesday Blitz"]
[Site "Chess.com"]
[Date "2020.04.28"]
[Round "5"]
[White "Noam_Vitenberg"]
[Black "leoduarte"]
[Result "1-0"]
[WhiteElo "2493"]
[BlackElo "2273"]
[TimeControl "180+1"]
[EndTime "10:57:12 PDT"]
[Termination "Noam_Vitenberg won on time"]

1. d4 d5 2. c4 c6 3. Nf3 Nf6 4. Nc3 dxc4 5. a4 Bf5 6. Ne5 Nbd7 7. Nxc4 Nb6 8. Ne5 a5 9. f3 Nbd7 10. Nxd7 Nxd7 11. e4 Bg6 12. Be2 e5 13. d5 Qb6 14. dxc6 bxc6 15. h4 h5 16. Qd3 Bc5 17.
Nd1 Rb8 18. Bd2 Bd4 19. Rb1 Nc5 20. Qc4 Nb3 21. Bc3 O-O 22. Bxd4 exd4 23. Bd3 Qb4+ 24. Ke2 Nc5 25. b3 Rfd8 26. Nf2 Qa3 27. Rhc1 Nxb3 28.
Rc2 Rb4 29. Qxc6 Rdb8 30. Nd1 Na1 31. Rxb4 Qxb4 32. Rd2 Nb3 33. Rc2 Na1 34. Rd2 Nb3 35. Rb2 Qa3 36. Qc4 Rb4 37. Qc8+ Kh7 38. Qc2 Na1 39.
Qb1 Rxb2+ 40. Qxb2 Qxb2+ 41. Nxb2 Nb3 42. Bc4 Nc5 43.
Bb5 f6 44. Nd3 Nb3 45. Nf4 Bf7 46. g3 Nc5 47. Nd3 Nb3 48. Nf4 Kh8 49. Kd3 Kg8 50. Bc4 Nc5+ 51. Kxd4 Nxa4 52. Bxf7+ Kxf7 53. Nxh5 Nb6 54.
Nf4 Nd7 55. Nd3 a4 56. Kc4 a3 57. Kb3 Ke6 58. Kxa3 Ne5 59. Nxe5 Kxe5 60. Kb3 Kd4 61. g4 Ke3 62. g5 fxg5 63. hxg5 Kxf3 64. e5 Kf4 65. e6 Kxg5 66. e7 1-0

[Event "*** Titled Tuesday Blitz"]
[Site "Chess.com"]
[Date "2020.04.28"]
[Round "5"]
[White "Xeniya2005"]
[Black "tamarozi99"]
[Result "1/2-1/2"]
[WhiteElo "2254"]
[BlackElo "1963"]
[TimeControl "180+1"]
[EndTime "10:57:15 PDT"]
[Termination "Game drawn - insufficient material"]

1. e4 c5 2. Nf3 Nc6 3. d4 cxd4 4. Nxd4 g6 5. Nc3 Bg7 6. Be3 Nf6 7. Nb3 O-O 8. Be2 a5 9. a4 Nb4 10. Bf3 d5 11. exd5 Bf5 12. Rc1 Qc7 13. O-O Rac8 14. Nb5 Qb8 15. c4 Nd7 16. Be2 Bxb2 17. Nxa5 Nc5 18.
Bxc5 Rxc5 19. Qd2 Bxc1 20. Qxb4 Bf4 21. Qxc5 Bxh2+ 22. Kh1 Qf4 23. g3 Qh6 24. Kg2 Bh3+ 25. Kxh2 Bxf1+ 26. Kg1 Bxe2 27. Qe3 Qxe3 28. fxe3 b6 29.
Nc6 Bxc4 30. Nxe7+ Kg7 31. Nc3 Rd8 32. e4 Kf6 33. Nc6 Ra8 34. e5+ Kf5 35. d6 Ke6 36.
Nd4+ Kxe5 37. Nf3+ Kxd6 38. Kf2 Bb3 39. Ke3 Bxa4 40.
Ng5 f5 41. Nxh7 Bc6 42. Ng5 Ra3 43. Kd4 b5 44. Nf7+ Ke7 45. Ne5 Be8 46. Nd5+ Kf8 47. Nf4 Rxg3 48. Ne6+ Ke7 49. Nf4 Rg1 50. Ned3 Rd1 51.
Nd5+ Kd6 52. Nf4 Rd2 53. Nd5 Rd1 54. Nb4 g5 55. Ke3 g4 56. Ke2 Rb1 57. Nc2 g3 58.
Ne3 Ra1 59. Kf3 Ra3 60. Nf4 b4 61. Nh5 Ke5 62. Nxg3 b3 63. Nc4+ Kd4 64. Nxa3 Kc3 65. Nxf5 b2 66. Ke3 Kb3 67. Nb1 Bg6 68. Nd4+ Ka2 69.
Nd2 b1=Q 70. Nxb1 Kxb1 1/2-1/2

[Event "*** Titled Tuesday Blitz"]
[Site "Chess.com"]
[Date "2020.04.28"]
[Round "5"]
[White "Poghosyan_Suren"]
[Black "garicradomir"]
[Result "0-1"]
[WhiteElo "2510"]
[BlackElo "2358"]
[TimeControl "180+1"]
[EndTime "10:57:16 PDT"]
[Termination "garicradomir won on time"]

1. e4 g6 2. d4 Nf6 3. Nc3 d5 4. e5 Ne4 5. Nge2 Bg7 6. Nxe4 dxe4 7. Ng3 c5 8. c3 cxd4 9. cxd4 Nc6 10. Be3 Qd5 11. Qd2 O-O 12. Rc1 Qxa2 13. Bc4 Qa5 14. Nxe4 Rd8 15. Ng5 Qxd2+ 16. Bxd2 e6 17. Nxh7 Kxh7 18.
Be3 Nxd4 19. Rd1 Nc2+ 20. Ke2 Rxd1 21. Rxd1 Nxe3 22. fxe3 b5 23. Bxb5 Rb8 24. Bc6 Rxb2+ 25. Ke1 Bxe5 26. Rd8 Ba6 27. Be8 Kg7 28. Rd7 Rb7 29. Rd8 Bxh2 30. Bc6 Rc7 31. Bf3 Bg3+ 32. Kd2 Bh4 33. Rd6 Bb7 34. e4 Be7 35. Rd4 a5 36.
Ra4 Bb4+ 37. Ke3 f5 38. exf5 Bxf3 39. fxe6 Bxg2 40. Kd4 Rc1 41. Ra2 Bc6 42. Re2 Be8 43.
e7 a4 44. Kd5 a3 45. Ke6 a2 46.
Rxa2 Bf7+ 47. Ke5 Bxe7 48. Ra7 Bf6+ 49. Kf4 Rc4+ 50. Kg3 g5 51. Rb7 Kg6 52. Rb6 Bd5 53. Ra6 Rc3+ 54. Kf2 Kf5 55. Kg1 Bd4+ 56. Kf1 Rc1+ 57.
Ke2 Rc3 58. Ra5 Ke4 59. Kd2 Rc2+ 60. Kd1 Rh2 61. Ra3 Bc4 62. Rg3 Kf4 63. Ra3 g4 64. Ra4 Rh1+ 65. Kd2 g3 0-1

[Event "*** Titled Tuesday Blitz"]
[Site "Chess.com"]
[Date "2020.04.28"]
[Round "5"]
[White "korbul"]
[Black "Eliwood44"]
[Result "1-0"]
[WhiteElo "2594"]
[BlackElo "2314"]
[TimeControl "180+1"]
[EndTime "10:57:16 PDT"]
[Termination "korbul won on time"]

1. d4 Nf6 2. c4 e6 3. Nf3 d5 4. Nc3 Be7 5. Bf4 O-O 6. e3 b6 7. cxd5 Nxd5 8. Bd3 Nxf4 9. exf4 Bb7 10. O-O Nd7 11.
Re1 c5 12. Be4 Bxe4 13. Nxe4 Nf6 14. Nxf6+ Bxf6 15. dxc5 bxc5 16. Qc2 Rb8 17. Rab1 Qa5 18. b3 h6 19. g3 Rfd8 20. Red1 Rd5 21. Kg2 Rbd8 22.
Rxd5 exd5 23. Rc1 d4 24. Rd1 Qb5 25. Nd2 d3 26. Qc4 Qc6+ 27. Nf3 Rd4 28. Qc1 c4 29. bxc4 Rxc4 30. Qe3 Rc2 31. Rxd3 Rxa2 32. g4 Bh4 33. Kh3 Bxf2 34. Rd8+ Kh7 35. Qd3+ g6 36. Rd7 Qe6 37.
Ne5 Bb6 38. Rxf7+ Kg8 39. Rd7 Rb2 40. Qxg6+ Qxg6 41. Nxg6 Rb3+ 42. Kh4 Rb2 43. g5 hxg5+ 44. Kg4 Rg2+ 45. Kf5 gxf4 46. Nxf4 Rxh2 47. Ne6 Rf2+ 48.
Kg6 Rg2+ 49. Ng5 Bc5 50. Rd8+ Bf8 51. Kf6 Rxg5 52. Kxg5 Kf7 53. Rd7+ Ke6 54. Rxa7 Bd6 55. Kg6 Kd5 56. Ra6 Be5 57. Kg5 Bd6 58. Kg4 Ke6 59. Ra5 Be5 60. Ra6+ Kd5 61. Kf5 Bd6 62. Ra5+ Bc5 63. Rb5 Kc4 64. Rb8 Kd5 65. Rc8 Bb4 66. Rd8+ Bd6 67. Rd7 Kc6 68. Ke6 Bc5 69. Rd1 Kb5 70.
Kd5 Bb6 71. Rb1+ Ka6 72. Kc6 1-0

[Event "*** Titled Tuesday Blitz"]
[Site "Chess.com"]
[Date "2020.04.28"]
[Round "5"]
[White "Evgeny81"]
[Black "BillieKimbah"]
[Result "1-0"]
[WhiteElo "2701"]
[BlackElo "2842"]
[TimeControl "180+1"]
[EndTime "10:57:18 PDT"]
[Termination "Evgeny81 won by checkmate"]

1. d4 Nf6 2. c4 e6 3. Nc3 d5 4.
Bg5 Be7 5. e3 h6 6. Bh4 O-O 7. Nf3 Nbd7 8. Qc2 c5 9. cxd5 Nxd5 10.
Bxe7 Nxe7 11. Be2 b6 12. O-O Bb7 13. Rfd1 Qc8 14. Rac1 cxd4 15. Nxd4 Nf6 16. Ncb5 a6 17. Nd6 Qxc2 18. Rxc2 Bd5 19. Rc7 Ng6 20. Bf3 Rad8 21.
Nb7 Rc8 22. Rdc1 Rxc7 23. Rxc7 Ne5 24. Nd6 Rd8 25. Rc8 Rxc8 26. Nxc8 Nxf3+ 27. gxf3 Bxa2 28. Nxb6 Kf8 29. Nc6 Nd5 30. Nd7+ Ke8 31. Nc5 Nc7 32.
e4 Bc4 33. f4 Bb5 34. Nd4 Ke7 35. Kg2 Kd6 36. Nb7+ Kd7 37. Nc5+ Kd6 38. Nb7+ Kd7 39. Kf3 Bf1 40. Ke3 Ke7 41. Nc5 g5 42. b4 Kd6 43.
Nb7+ Ke7 44. Nc5 f6 45. Ndb3 Bc4 46. Na5 Bb5 47. Nab3 h5 48. Nd2 g4 49. f3 Bf1 50. Nxf1 Kd6 51. Nd3 Kc6 52. fxg4 hxg4 53. Nf2 Kb5 54. Nxg4 Kxb4 55. Nxf6 a5 56. Nd2 a4 57.
Nb1 Kb3 58. h4 Kb2 59. Nd2 Kc3 60. h5 e5 61. fxe5 Ne6 62. h6 Ng5 63. Nb1+ Kb2 64. Nd2 Kc2 65. e6 Nxe6 66. h7 a3 67. h8=Q a2 68.
Qc8+ Kd1 69. Qa6 Nc5 70. Qxa2 Nxe4 71. Qb1# 1-0

[Event "*** Titled Tuesday Blitz"]
[Site "Chess.com"]
[Date "2020.04.28"]
[Round "5"]
[White "Chessmatus"]
[Black "levallem"]
[Result "1-0"]
[WhiteElo "2339"]
[BlackElo "2206"]
[TimeControl "180+1"]
[EndTime "10:57:20 PDT"]
[Termination "Chessmatus won by checkmate"]

1. e4 c5 2. Nf3 Nc6 3. d4 cxd4 4. Nxd4 g6 5. c4 Nf6 6. Nc3 Nxd4 7. Qxd4 d6 8. Be3 Bg7 9. f3 O-O 10. Qd2 Qa5 11.
Rc1 Be6 12. b3 Rfc8 13. Kf2 a6 14. Na4 Qxd2+ 15. Bxd2 Nd7 16. Be3 h5 17. Be2 Rc6 18. Rhd1 Rac8 19. g3 Kf8 20. Kg2 Nc5 21. Nc3 a5 22.
Nd5 Bxd5 23. cxd5 R6c7 24. Bb5 Bb2 25. Rc2 Ba3 26. Bh6+ Kg8 27. Bd2 Bb4 28. Bg5 f6 29. Be3 Na6 30. Rxc7 Rxc7 31. Rc1 Rxc1 32. Bxc1 Nc5 33.
Kf2 Bc3 34. Ke3 b6 35. Bc4 Kf7 36. a3 g5 37. Ke2 Bd4 38. Be3 Bxe3 39. Kxe3 Kg6 40.
b4 axb4 41. axb4 Nd7 42. Be2 h4 43. Kd4 hxg3 44. hxg3 Kf7 45. Kc4 Ke8 46. Kb5 Kd8 47. Kc6 Kc8 48. Ba6+ Kd8 49. f4 gxf4 50. gxf4 f5 51. exf5 Nf6 52. Bc4 Nh5 53. Kxb6 Nxf4 54.
Kb7 Ng2 55. b5 Ne3 56. Bb3 Nxf5 57. b6 Nd4 58. Ka8 Nxb3 59. b7 Nc5 60. b8=Q+ Kd7 61. Qb5+ Kd8 62. Qe2 Kd7 63. Ka7 Kd8 64. Kb6 Kd7 65.
Kb5 Kd8 66. Kc6 Ke8 67. Qh5+ Kf8 68. Kc7 e6 69. Kxd6 exd5 70. Kxc5 d4 71. Qh7 d3 72. Qxd3 Kg7 73. Qd6 Kf7 74. Kd5 Kg7 75. Qe6 Kh8 76. Qd7 Kg8 77. Ke6 Kf8 78. Qf7# 1-0

[Event "*** Titled Tuesday Blitz"]
[Site "Chess.com"]
[Date "2020.04.28"]
[Round "5"]
[White "Joseph_Truelson"]
[Black "canary2016"]
[Result "0-1"]
[WhiteElo "2198"]
[BlackElo "1884"]
[TimeControl "180+1"]
[EndTime "10:57:22 PDT"]
[Termination "canary2016 won by resignation"]

1. c4 c6 2. Nc3 d5 3. e3 Nf6 4.
Nf3 Bf5 5. Be2 e6 6. Nh4 Bg6 7.
Nxg6 hxg6 8. d4 Bd6 9. h3 Nbd7 10. Bf3 Qc7 11. Qe2 Bb4 12. Bd2 dxc4 13. Qxc4 Bxc3 14. Bxc3 Nb6 15. Qb3 Rd8 16. O-O-O O-O 17. e4 Rc8 18. Kb1 Rfd8 19. h4 Nfd7 20. h5 gxh5 21.
Rxh5 Nf6 22. Rh4 c5 23. Rdh1 Kf8 24. dxc5 Nbd7 25. Bb4 Nxc5 26. Rh8+ Ke7 27. Rxd8 Kxd8 28. Rh8+ Ne8 29. Bxc5 Qxc5 30. Qd3+ Ke7 31. a3 Qc1+ 32. Ka2 Qc4+ 33. Qxc4 Rxc4 34. Kb3 Rc7 35. e5 f6 36. exf6+ Nxf6 37. Rb8 b6 38. Ra8 Kf7 39. a4 Ke7 40. Kb4 Nd7 41. b3 Ne5 42. Be4 Ng4 43. f3 Ne3 44. g4 Nd5+ 45. Ka3 Nf6 46. Rh8 Nxe4 47. fxe4 Kf6 48. Ra8 Ke5 49. Re8 Kf6 50. Kb4 Ke5 51. Kb5 Kxe4 52. Rxe6+ Kf4 53. Re1 Kxg4 54. b4 Kf5 55. Ka6 Kf6 56. b5 Kf7 57.
Rf1+ Ke7 58. Re1+ Kd7 59. Rd1+ Kc8 60. Rf1 Kd8 61. Rf8+ Kd7 62. Rg8 Kd6 63. a5 bxa5 64. Kxa5 Rb7 65. Ka6 Rc7 66. Rd8+ Ke7 67. Rg8 Kf6 68.
Rd8 g5 69. Rf8+ Ke5 70. Re8+ Kf4 71. Ra8 g4 72. Rxa7 Rxa7+ 73. Kxa7 g3 74. b6 g2 75. b7 g1=Q+ 76. Ka8 Qa1+ 77. Kb8 Ke5 78. Kc7 Qc3+ 79.
Kb6 Qb4+ 80. Ka7 Qa5+ 81. Kb8 Kd6 0-1

[Event "*** Titled Tuesday Blitz"]
[Site "Chess.com"]
[Date "2020.04.28"]
[Round "5"]
[White "GMKrikor"]
[Black "VerdeNotte"]
[Result "1-0"]
[WhiteElo "2741"]
[BlackElo "2807"]
[TimeControl "180+1"]
[EndTime "10:57:24 PDT"]
[Termination "GMKrikor won by resignation"]

1. Nf3 Nf6 2. c4 c5 3. Nc3 Nc6 4. d4 cxd4 5. Nxd4 e6 6. a3 d5 7. cxd5 Nxd5 8. Nxc6 bxc6 9. Bd2 Be7 10. e4 Nxc3 11. Bxc3 O-O 12. Qxd8 Rxd8 13. Bc4 Bb7 14.
Ke2 c5 15. f3 Bf6 16. Bxf6 gxf6 17. Rhd1 Bc6 18. Rxd8+ Rxd8 19. Rc1 Rb8 20. Rc2 Ba4 21.
Rd2 Kf8 22. Kd3 Ke7 23. Kc3 h5 24. g3 Bc6 25. b4 cxb4+ 26. axb4 Rc8 27. Kb3 Ba4+ 28.
Kxa4 Rxc4 29. Kb3 Rc7 30. Ra2 Kd6 31. Ra5 e5 32. Ra6+ Ke7 33. h4 Rd7 34. Kc4 Rc7+ 35.
Kd5 Rb7 36. Kc5 Rc7+ 37. Rc6 Rd7 38. b5 Rd3 39. Rc7+ Kd8 40. Rxa7 Rxf3 41. b6 Kc8 42. Rxf7 Rc3+ 43. Kd6 Rd3+ 44. Ke6 Rxg3 45. Kxf6 Rf3+ 46. Ke6 Rf4 47. Rc7+ Kb8 48. Kxe5 Rxh4 49. Rh7 Rh1 50. Kd6 h4 51. e5 Rd1+ 52. Ke7 Rd4 53. e6 Re4 54.
Kd6 Rd4+ 55. Ke5 Rd1 56. Rxh4 Kc8 57. Rh8+ Kb7 58. e7 Re1+ 59. Kf6 Rf1+ 60. Kg7 Rg1+ 61. Kf7 Rf1+ 62. Ke8 Kxb6 63. Rh2 Kc7 64. Rc2+ Kb7 65. Rc4 Rf2 66. Kd7 Rd2+ 67. Ke6 Re2+ 68. Kd6 Kb6 69. Rd4 Re1 70. Rd5 Ra1 71. e8=Q Ra6 72. Ke5 Ka7 73. Rd7+ Kb6 74. Rd6+ Kc5 75. Rxa6 Kb4 1-0

[Event "*** Titled Tuesday Blitz"]
[Site "Chess.com"]
[Date "2020.04.28"]
[Round "5"]
[White "kinga2008"]
[Black "Jbd735"]
[Result "0-1"]
[WhiteElo "2099"]
[BlackElo "2406"]
[TimeControl "180+1"]
[EndTime "10:57:24 PDT"]
[Termination "Jbd735 won on time"]

1. e4 e5 2. Nf3 Nc6 3. d4 exd4 4. Bc4 Nf6 5. O-O Nxe4 6. Re1 d5 7. Bxd5 Qxd5 8.
Nc3 Qa5 9. Nxe4 Be6 10. Neg5 O-O-O 11. Nxe6 fxe6 12. Rxe6 Bd6 13. Bg5 Rdf8 14. Qe2 Qd5 15. Re1 h6 16. Bh4 Qxa2 17. b3 g5 18. Bg3 Bxg3 19. hxg3 Rd8 20. Qc4 Qb2 21. Rxc6 bxc6 22. Qa6+ Kb8 23. Ne5 Rd6 24. Nxc6+ Rxc6 25. Qxc6 Qc3 26.
Qxc3 dxc3 27. Re3 Rd8 28. Rxc3 Rd1+ 29. Kh2 Rf1 30. f3 Kb7 31. Kh3 h5 32. Kh2 Kb6 33.
Rd3 c6 34. c3 a5 35. Rd8 Rc1 36. c4 Kc5 37. Rg8 Kb4 38. Rxg5 Rc3 39. f4 Rxb3 40.
f5 Kxc4 41. f6 Rb8 42. Rxa5 Rf8 43. Rf5 Kd4 44. g4 hxg4 45. Kg3 c5 46. Kxg4 c4 47. Kg5 c3 48. Kg6 Rg8+ 49. Kh7 Rxg2 50. f7 Rh2+ 51. Kg6 Rg2+ 52. Rg5 Rf2 53. Rf5 Rg2+ 54. Kf6 c2 55.
f8=Q c1=Q 56. Qd6+ Ke3 57. Qe5+ Kd2 58. Qd4+ Kc2 59.
Qe4+ Kd1 60. Rd5+ Rd2 61. Qf3+ Kc2 62. Rc5+ Kb2 63. Rc2+ Rxc2 64. Qe3 Rc3 65. Qd4 Kc2 66. Qa4+ Kd2 67. Qd4+ Rd3 68. Qf4+ Kc2 69. Qc4+ Rc3 70. Qe4+ Kb3 71. Qb7+ Kc4 72. Qc6+ Kd4 73. Qd6+ Ke3 74. Qe5+ Kf3 75. Qd5+ Kg3 76. Qe5+ Qf4+ 0-1

[Event "*** Titled Tuesday Blitz"]
[Site "Chess.com"]
[Date "2020.04.28"]
[Round "5"]
[White "GukeshDommaraju"]
[Black "Marty435"]
[Result "1/2-1/2"]
[WhiteElo "2748"]
[BlackElo "2546"]
[TimeControl "180+1"]
[EndTime "10:57:25 PDT"]
[Termination "Game drawn by agreement"]

1. e4 c6 2. d4 d5 3. Nc3 dxe4 4. Nxe4 Bf5 5. Ng3 Bg6 6. N1e2 e5 7. dxe5 Qa5+ 8. Nc3 Bb4 9. f4 Bxc3+ 10. bxc3 Qxc3+ 11. Bd2 Qxc2 12. Qxc2 Bxc2 13. Rc1 Ba4 14. Nf5 Ne7 15. Nd6+ Kf8 16. Nxb7 Nd7 17. Nc5 Nxc5 18. Rxc5 Rb8 19. Bd3 Rb2 20. Ra5 Bb5 21. Bxb5 Rxb5 22. Rxa7 Nc8 23.
Rc7 Ne7 24. Ke2 Ke8 25. Rc1 Kd8 26. Ra7 Rb2 27. Ra8+ Nc8 28. Rxc6 Kd7 29. Rc3 Re8 30. Rd3+ Kc7 31. Rc3+ Kb7 32. Raa3 Nb6 33. Rcb3 Rc2 34. Kd1 Rec8 35. Be3 R2c6 36. Rxb6+ Rxb6 37. Bxb6 Kxb6 38. Rd3 Ra8 39. a3 Kc6 40. g3 Ra4 41. Ke2 Rc4 42. Kf3 Rc2 43. Rd6+ Kc7 44. Rd3 Rxh2 45. f5 Rh1 46.
Ke4 Re1+ 47. Re3 Rb1 48. g4 Kd7 49. Kf4 Ke7 50. Rc3 Rf1+ 51. Rf3 Ra1 52. g5 Rh1 53. Rb3 Rh4+ 54. Kg3 Re4 55. Rb7+ Ke8 56. Rb5 Re3+ 57. Kf4 Rxa3 58. Rb8+ Ke7 59. Rb7+ Ke8 60. f6 Ra4+ 61.
Ke3 gxf6 62. gxf6 h5 63. Rb8+ Kd7 64. Rf8 Ke6 65. Re8+ Kf5 66. Re7 Re4+ 67. Kf3 Rxe5 68. Rxf7 Kg6 69. Rf8 Rf5+ 70. Kg3 Rxf6 71. Rg8+ Kf7 72.
Ra8 Rg6+ 73. Kh4 Re6 74. Kxh5 Re5+ 75. Kg4 Re4+ 76. Kf5 Re7 1/2-1/2